 Dungeon Crawl Stone Soup version 0.26.1-2-gb8aa6d0 (webtiles) character file.

Game seed: 8997180562606771563

212 GeorgeSoros the Magician (level 5, -7/38 HPs)
             Began as a Gnoll Wanderer on Feb 14, 2021.
             Mangled by an orc
             ... wielding a +0 trident
              (9 damage)
             ... on level 3 of the Dungeon on Feb 15, 2021.
             The game lasted 00:10:43 (2744 turns).

GeorgeSoros the Magician (Gnoll Wanderer)           Turns: 2744, Time: 00:10:44

Health: -7/38      AC:  3    Str: 14    XL:     5   Next: 89%
Magic:  12/12      EV: 12    Int: 15    God:
Gold:   97         SH:  0    Dex: 15    Spells: 9/14 levels left

rFire    . . .     SeeInvis .   b - +0 short sword (venom)
rCold    . . .     Faith    .   (no shield)
rNeg     . . .     Spirit   .   e - +1 robe
rPois    .         Reflect  .   (no helmet)
rElec    .         Harm     .   (no cloak)
rCorr    .         Rampage  .   (no gloves)
Will     .....                  (no boots)
Stlth    ++........             (no amulet)
HPRegen  0.12/turn              (no ring)
MPRegen  0.13/turn              (no ring)

@: lethally poisoned (-7 -> -14)
A: distributed training, fangs 1, strong nose
a: no special abilities


You were on level 3 of the Dungeon.
You visited 1 branch of the dungeon, and saw 3 of its levels.

You collected 97 gold pieces.

Inventory:

Hand Weapons
 a - a +0 dagger
 b - a +0 short sword of venom (weapon)
 f - a +0 spear
Missiles
 c - 25 poisoned darts (quivered)
Armour
 e - a +1 robe (worn)
 h - a +0 leather armour
 l - a +0 buckler
Scrolls
 g - a scroll of identify
 j - 2 scrolls of remove curse
 k - a scroll of amnesia
Potions
 d - 2 potions of flight


   Skills:
 + Level 1.6 Fighting
 + Level 1.6 Short Blades
 + Level 4.8 Long Blades
 + Level 1.6 Axes
 + Level 1.6 Maces & Flails
 + Level 1.6 Polearms
 + Level 1.6 Staves
 + Level 1.6 Slings
 + Level 1.6 Bows
 + Level 1.6 Crossbows
 + Level 3.1 Throwing
 + Level 1.6 Armour
 + Level 1.6 Dodging
 + Level 2.9 Stealth
 + Level 1.6 Shields
 + Level 1.6 Unarmed Combat
 + Level 5.2 Spellcasting
 + Level 1.3 Conjurations
 + Level 1.3 Hexes
 + Level 1.3 Summonings
 + Level 2.5 Necromancy
 + Level 4.0 Translocations
 + Level 1.3 Transmutations
 + Level 1.3 Fire Magic
 + Level 1.3 Ice Magic
 + Level 1.3 Air Magic
 + Level 1.3 Earth Magic
 + Level 1.3 Poison Magic
 + Level 1.9 Invocations
 + Level 3.1 Evocations


You had 9 spell levels left.
You knew the following spells:

 Your Spells              Type           Power        Failure   Level
a - Magic Dart            Conj           28%          10%         1
b - Blink                 Tloc           N/A          4%          2
c - Call Imp              Summ           7%           14%         2

Your spell library contained the following spells:

 Spells                   Type           Power        Failure   Level
 Slow                     Hex            7%           14%         2
 Conjure Flame            Conj/Fire      7%           28%         3
 Mephitic Cloud           Conj/Pois/Air  7%           28%         3


Dungeon Overview and Level Annotations

Branches:
Dungeon (3/15)

Altars:


Innate Abilities, Weirdness & Mutations

Your experience applies equally to all skills.
You have very sharp teeth.
Your uncanny sense of smell can sniff out nearby items.


Message History

Okay, then.
You miss the adder.
You feel sick. The orc misses you. The adder bites you but does no damage.
You hit the adder.
The adder is poisoned.
You bite the adder, but do no damage.
The adder is moderately wounded.
The adder bites you.
You are more poisoned.
The adder poisons you!
The orc hits you from afar with a +0 trident!
* * * LOW HITPOINT WARNING * * *
The adder barely misses you.
Okay, then.
Okay, then.
You hit the adder.
The adder looks as sick as possible!
Your bite misses the adder.
The adder is heavily wounded.
* * * LOW HITPOINT WARNING * * *
You feel sick.
The orc hits you from afar with a +0 trident!
You die...

#.#.###.
#######.#.# #.
#####.........# ##
#.............# #
#.###.........# #
####
#.###.........## #
# ..#####
#.#.......#....# #
#. #.#...#
#.###.###.#)...# #
#.##.#.#.#
#@#.....#.#....# #
#........#
#S#.#.#.###....###
#.....<#
#o#.#.......#.....
#........#
#)#.#...##########
#......###
#.#.#.............
#......#
#.#.....##########
#......#
#.####.###########
#......# #.#
#............
#......# #.#
#############


You could see an adder (extremely poisoned) and an orc.

Vanquished Creatures
  A centaur (D:2)
  An orc priest (D:3)
  An orc wizard (D:3)
  3 adders
  An ooze (D:3)
  2 worms
  2 orcs (D:3)
  4 bats
  A giant cockroach (D:3)
  4 goblins (D:2)
  6 hobgoblins
  3 frilled lizards (D:2)
  5 kobolds
  7 rats
41 creatures vanquished.

Notes
Turn   | Place    | Note
-------+----------+-------------------------------------------
     0 | D:1      | GeorgeSoros the Gnoll Wanderer began the quest for the Orb.
     0 | D:1      | GeorgeSoros set off with the following items: a +0 dagger,
                  | a potion of curing, 11 poisoned darts, a +0 robe; and the
                  | following spell memorised: Magic Dart; and the following
                  | spells available to memorise: Blink, Call Imp, Slow,
                  | Conjure Flame, Mephitic Cloud
     0 | D:1      | Reached XP level 1. HP: 13/13 MP: 6/6
  1015 | D:1      | Reached XP level 2. HP: 8/19 MP: 7/7
  1438 | D:2      | Noticed a centaur
  1452 | D:2      | Learned a level 2 spell: Blink
  1465 | D:2      | Killed a centaur
  1466 | D:2      | Reached skill level 1 in Fighting
  1466 | D:2      | Reached skill level 1 in Short Blades
  1466 | D:2      | Reached skill level 1 in Axes
  1466 | D:2      | Reached skill level 1 in Maces & Flails
  1466 | D:2      | Reached skill level 1 in Polearms
  1466 | D:2      | Reached skill level 1 in Staves
  1466 | D:2      | Reached skill level 1 in Slings
  1466 | D:2      | Reached skill level 1 in Bows
  1466 | D:2      | Reached skill level 1 in Crossbows
  1466 | D:2      | Reached skill level 1 in Armour
  1466 | D:2      | Reached skill level 1 in Dodging
  1466 | D:2      | Reached skill level 1 in Shields
  1466 | D:2      | Reached skill level 1 in Unarmed Combat
  1466 | D:2      | Reached skill level 5 in Spellcasting
  1466 | D:2      | Reached skill level 1 in Conjurations
  1466 | D:2      | Reached skill level 1 in Hexes
  1466 | D:2      | Reached skill level 1 in Summonings
  1466 | D:2      | Reached skill level 1 in Transmutations
  1466 | D:2      | Reached skill level 1 in Fire Magic
  1466 | D:2      | Reached skill level 1 in Ice Magic
  1466 | D:2      | Reached skill level 1 in Air Magic
  1466 | D:2      | Reached skill level 1 in Earth Magic
  1466 | D:2      | Reached skill level 1 in Poison Magic
  1466 | D:2      | Reached skill level 1 in Invocations
  1466 | D:2      | Reached XP level 3. HP: 13/26 MP: 7/9
  1466 | D:2      | Reached XP level 4. HP: 16/32 MP: 8/11
  2070 | D:2      | Reached XP level 5. HP: 23/37 MP: 12/12
  2299 | D:3      | Learned a level 2 spell: Call Imp
  2744 | D:3      | Mangled by an orc

Illustrated notes

Levels and vault maps discovered:
D:1:      eino_arrival_druids_welcome, layout_loops_ring, minmay_misc_feat_rows
D:2:      layout_rooms
D:3:      layout_basic

Skill      XL: |  1  2  3  4  5 |
---------------+----------------+-----
Necromancy     | 2 |  2.5
Fighting       | 1 |  1.6
Short Blades   | 1 |  1.6
Axes           | 1 |  1.6
Maces & Flails | 1 |  1.6
Polearms       | 1 |  1.6
Staves         | 1 |  1.6
Slings         | 1 |  1.6
Bows           | 1 |  1.6
Crossbows      | 1 |  1.6
Armour         | 1 |  1.6
Dodging        | 1 |  1.6
Shields        | 1 |  1.6
Unarmed Combat | 1 |  1.6
Spellcasting   | 5 |  5.2
Conjurations   | 1 |  1.3
Hexes          | 1 |  1.3
Summonings     | 1 |  1.3
Transmutations | 1 |  1.3
Fire Magic     | 1 |  1.3
Ice Magic      | 1 |  1.3
Air Magic      | 1 |  1.3
Earth Magic    | 1 |  1.3
Poison Magic   | 1 |  1.3
Invocations    | 1 |  1.9
Throwing       | 3 |  3.1
Evocations     | 3 |  3.1
Translocations | 4 |  4.0
Long Blades    | |  4.8
Stealth        | |  2.9

Action                   |  1- 3 |  4- 6 || total
-------------------------+-------+-------++-------
Melee: Spear             |    61 |    50 ||   111
       Bite              |     3 |     8 ||    11
       Punch             |       |     1 ||     1
       Short sword       |       |    34 ||    34
Throw: Dart              |     9 |    11 ||    20
 Cast: Magic Dart        |     3 |       ||     3
  Use: Scroll            |     6 |     2 ||     8
       Potion            |     1 |     3 ||     4
 Stab: Sleeping          |     2 |     6 ||     8
Armor: Robe              |    11 |    16 ||    27
Dodge: Dodged            |    22 |    41 ||    63
